 Dungeon Crawl Stone Soup version 0.25.0-11-g1f837a76a1 (webtiles) character file.

Game seed: 15043188172406064927

198764 Delamore the Bludgeoner (level 18, -1/124 HPs)
             Began as a Gargoyle Fighter on June 24, 2020.
             Was the Champion of Okawaru.
             Killed by a resonance strike
             ... invoked by a ragged hierophant
              (12 damage)
             ... in the Desolation of Salt.
             The game lasted 01:05:44 (46196 turns).

Delamore the Bludgeoner (Gargoyle Fighter)         Turns: 46196, Time: 01:05:45

Health: -1/124     AC: 40    Str: 31    XL:     18   Next: 45%
Magic:  14/15      EV: 11    Int: 13    God:    Okawaru [******]
Gold:   1142       SH: 15    Dex:  9    Spells: 17/17 levels left

rFire    + . .     SeeInvis +   t - +3 morningstar "Tucufimn" {protect, rC+ MP-9 Str+4 Int+3}
rCold    + + .     Gourm    .   c - +0 kite shield
rNeg     + . .     Faith    .   N - +0 chain mail "Vibalab" {MR+}
rPois    ∞         Spirit   .   L - +0 helmet {SInv}
rElec    +         Reflect  .   i - +0 cloak
rCorr    .         Harm     .   G - +0 pair of gloves
MR       ++...                  h - +2 pair of boots {Fly}
Stlth    ..........             (no amulet)
HPRegen  0.30/turn              V - ring of protection from cold
MPRegen  0.14/turn              E - ring of protection from fire

@: mighty, finesse, protection aura, contaminated, glowing, invisible (but
backlit and visible)
A: big wings, negative energy resistance 1, electricity resistance, unbreathing,
petrification resistance, rot immunity, AC +13
}: 1/15 runes: decaying
a: Fly, Heroism, Finesse, Renounce Religion, Evoke Flight


You were in the Desolation of Salt.
You worshipped Okawaru.
Okawaru was exalted by your worship.
You were full.

You visited 6 branches of the dungeon, and saw 30 of its levels.
You also visited: Sewer, Gauntlet and Desolation.

You collected 2809 gold pieces.
You spent 1667 gold pieces at shops.

Inventory:

Hand Weapons
 p - a +2 sacred scourge of holy wrath
 t - the +3 morningstar "Tucufimn" (weapon) {protect, rC+ MP-9 Str+4 Int+3}
   (Okawaru gifted it to you on level 13 of the Dungeon)

   It grants its wielder temporary protection when it strikes (+7 to AC).
   It affects your strength (+4).
   It affects your intelligence (+3).
   It protects you from cold.
   It affects your magic capacity (-9).
 y - the +6 morningstar "Ox" {holy, rC- Dex+10 SInv}
   (You bought it in a shop on level 2 of the Orcish Mines)

   It has been blessed by the Shining One to cause great damage to the undead
   and demons.
   It affects your dexterity (+10).
   It makes you vulnerable to cold.
   It lets you see invisible.
 Z - a +0 eveningstar of protection
Missiles
 C - 8 curare-tipped darts
 Y - 3 silver javelins (quivered)
Armour
 c - a +0 kite shield (worn)
 h - a +2 pair of boots of flying (worn)
 i - a +0 cloak (worn)
 u - the +5 ring mail of the Enchanted Forest {rF+++ Regen+ Slay-4 Stlth-}
   (Okawaru gifted it to you on level 6 of the Lair of Beasts)

   It affects your accuracy and damage with ranged weapons and melee attacks
   (-4).
   It renders you almost immune to fire.
   It increases your rate of regeneration.
   It makes you less stealthy.
 x - the +2 cloak "Rucashreir" {Harm rC+}
   (You bought it in a shop on level 11 of the Dungeon)

   It protects you from cold.
   It increases damage dealt and taken.
 G - a +0 pair of gloves (worn)
 L - a +0 helmet of see invisible (worn)
 N - the +0 chain mail "Vibalab" (worn) {MR+}
   (You found it on level 1 of the Lair of Beasts)

   It affects your resistance to hostile enchantments.
Jewellery
 E - a ring of protection from fire (right hand)
 H - an uncursed ring of see invisible
 V - a ring of protection from cold (left hand)
Wands
 a - a wand of polymorph (10)
 k - a wand of acid (20)
 s - a wand of digging (1)
 v - a wand of clouds (8)
 A - a wand of paralysis (8)
 B - a wand of iceblast (22)
 I - a wand of disintegration (7)
 J - a wand of flame (53)
Scrolls
 b - a scroll of amnesia
 l - 7 scrolls of identify
 n - 11 scrolls of teleportation
 o - 9 scrolls of remove curse
 q - 7 scrolls of enchant weapon
 r - a scroll of blinking
 F - 2 scrolls of silence
 P - 3 scrolls of fog
 Q - 7 scrolls of immolation
 U - 6 scrolls of enchant armour
Potions
 d - 3 potions of might
 m - 4 potions of resistance
 w - 3 potions of cancellation
 z - 5 potions of haste
 D - a potion of berserk rage
 K - 2 potions of mutation
Miscellaneous
 e - a lightning rod (4/4)
 S - 2 boxes of beasts
 T - a phantom mirror
Comestibles
 f - 54 rations


   Skills:
 + Level 17.3 Fighting
 + Level 17.5 Maces & Flails
 - Level 11.7 Armour
 - Level 5.3 Dodging
 - Level 16.6 Shields
 - Level 8.8 Invocations
 - Level 5.9 Evocations


You had 17 spell levels left.
You didn't know any spells.
Your spell library contained the following spells:

 Spells                   Type           Power        Failure   Level  Hunger
 Animate Skeleton         Necr           N/A          73%         1    ##.....
 Apportation              Tloc           #.....       73%         1    ##.....
 Corona                   Hex            #......      73%         1    ##.....
 Infusion                 Chrm           #...         73%         1    ##.....
 Magic Dart               Conj           #...         73%         1    ##.....
 Pain                     Necr           #...         73%         1    ##.....
 Shock                    Conj/Air       #...         73%         1    ##.....
 Summon Small Mammal      Summ           #...         73%         1    ##.....
 Blink                    Tloc           N/A          86%         2    ###....
 Call Imp                 Summ           #.......     86%         2    ###....
 Shroud of Golubria       Chrm/Tloc      #.....       86%         2    ###....
 Slow                     Hex            #.......     86%         2    ###....
 Song of Slaying          Chrm           #.......     86%         2    ###....
 Conjure Flame            Conj/Fire      #.......     97%         3    ####...
 Ignite Poison            Fire/Tmut/Pois #.......     97%         3    ####...
 Mephitic Cloud           Conj/Pois/Air  #.......     97%         3    ####...
 Ozocubu's Armour         Chrm/Ice       #.......     97%         3    ####...
 Spectral Weapon          Hex/Chrm       #.......     97%         3    ####...
 Static Discharge         Conj/Air       #.......     97%         3    ####...
 Vampiric Draining        Necr           #.........   97%         3    ####...
 Animate Dead             Necr           N/A          100%        4    #####..
 Summon Lightning Spire   Summ/Air       #.......     100%        4    #####..
 Agony                    Necr           #.......     100%        5    ######.
 Alistair's Intoxication  Tmut/Pois      #.......     100%        5    ######.
 Irradiate                Conj/Tmut      #.........   100%        5    ######.
 Silence                  Hex/Air        #.........   100%        5    ######.
 Summon Demon             Summ           #.........   100%        5    ######.
 Conjure Ball Lightning   Conj/Air       #.........   100%        6    #######
 Death Channel            Necr           #.........   100%        6    #######
 Hydra Form               Tmut           #.........   100%        6    #######
 Dragon Form              Tmut           #.........   100%        7    #######
 Malign Gateway           Summ/Tloc      #.........   100%        7    #######
 Tornado                  Air            #.........   100%        9    #######
 Statue Form              Tmut/Erth      Unusable     N/A         6    N/A

Dungeon Overview and Level Annotations

Branches:
Dungeon (15/15)            Temple (1/1) D:4            Lair (6/6) D:9
  Swamp (4/4) Lair:3        Snake (0/4) Lair:2        Slime (0/5) Lair:5
    Orc (2/2) D:10            Elf (2/3) Orc:2        Vaults (0/5) D:14
 Depths (0/5) D:15          Sewer (visited)         Desolation (1/1)
Gauntlet (visited)

Altars:
Ashenzari
Cheibriados
Dithmenos
Elyvilon
Fedhas
Gozag
Hepliaklqana
Kikubaaqudgha
Makhleb
Nemelex Xobeh
Okawaru
Qazlal
Ru
Sif Muna
Trog
Uskayaw
Vehumet
Wu Jian
Xom
Yredelemnul
Zin
The Shining One
Jiyva
Lugonu

Shops:
D:7 (   D:11 (=**   Orc:2 ![(:

Annotations:
Lair:3 2 transporters, Fuxod's ghost, journeyman GnWn
Lair:5 1 runed translucent door
Orc:1 1 runed translucent door, Bute's ghost, adept FoFi
Elf:2 3 runed translucent doors, exclusion: obsidian statue, Hiliwumm's ghost, veteran MiGl


Innate Abilities, Weirdness & Mutations

You are resistant to torment.
Your stone body is resilient. (AC +13)
You are immune to poison.
Your large and strong wings let you fly indefinitely.
You resist negative energy. (rN+)
You are resistant to electric shocks. (rElec)
You can survive without breathing.
You are immune to petrification.
You are immune to rotting.


Message History

Your saltling hits the ironbrand convoker.
The ragged hierophant gestures wildly while chanting.
The ragged hierophant begins to accept its allies' injuries.
The saltling hits your saltling!!
Your saltling is destroyed!
The saltling hits your saltling but does no damage.
The ironbrand convoker hits your saltling with a cursed -1 flail!
The saltling hits your saltling but does no damage.
The saltling hits your saltling but does no damage.
Your saltling closely misses the saltling.
Your saltling hits the ironbrand convoker!
The saltling hits your saltling but does no damage. x2
The saltling hits your saltling!
Your saltling is destroyed!
Your saltling hits the saltling! Your saltling hits the saltling.
The ironbrand convoker hits your saltling with a cursed -1 flail!
The ragged hierophant gestures at you while chanting.
A blast of power from the earth strikes you!
You die...

###################
########################
########################
########################
########################
########################
.......p8p8.............
.....8S888p.............
.#@888p...........#
##)8p8p.......88p.
#.#88............
####p8.......8..8
#..§........p.
...§§.........
..8.§.§.......
...§§.§....... 8§§§§§§
.....


You could see 3 ragged hierophants, a servant of whispers (sheltered), 2
ironbrand convokers, 5 saltlings, a friendly ironbrand convoker (summoned), a
friendly guardian serpent (summoned) and 6 friendly saltlings.

Vanquished Creatures
  Jorgrun (D:12)
  5 thorn hunters
  The ghost of Ypsiuj the Thaumaturge, an adept GnSk of Makhleb (Swamp:1)
  A deep elf sorcerer (Elf:2)
  An orc warlord (Orc:2)
  2 angels (Elf:2)
  A very ugly thing (Swamp:1)
  An ironheart preserver (D:13)
  Nessos (D:12)
  A minotaur (Gauntlet)
  A deep elf annihilator (Elf:1)
  A deep elf death mage (Elf:1)
  Josephine (D:15)
  3 ragged hierophants (Desolation)
  A rakshasa (D:14)
  A servant of whispers (Desolation)
  A peacekeeper (Desolation)
  A yaktaur captain (D:15)
  A ghost crab (Swamp:3)
  19 hydras
  An anaconda (Lair:5)
  A catoblepas (Lair:5)
  4 shambling mangroves
  4 centaur warriors
  19 alligators
  6 death yaks
  An ogre mage (Orc:1)
  2 dancing weapons
  10 two-headed ogres
  3 orc high priests
  A tengu warrior (D:15)
  Sonja (D:11)
  4 deep elf knights (Elf:1)
  Nergalle (D:12)
  Urug (Orc:1)
  11 spriggans
  2 large abominations (Gauntlet)
  5 skeletal warriors (D:14)
  12 swamp dragons
  3 unseen horrors
  6 spriggan druids
  3 deep elf archers
  Pikel (D:4)
  7 orc knights
  A wizard (Elf:1)
  2 lindwurms
  A necromancer (Gauntlet)
  A wolf spider (Lair:6)
  21 deep elf magi (Elf:1)
  7 ugly things
  A cyclops (D:13)
  3 orc sorcerers
  2 manticores
  11 black mambas
  3 centaur zombies
  Maurice (Orc:2)
  A guardian serpent (Lair:6)
  A gargoyle (D:10)
  A minotaur zombie (Gauntlet)
  2 rime drakes
  30 spiny frogs
  3 yaktaurs
  2 efreet
  5 komodo dragons
  3 tengu conjurers (D:14)
  5 trolls
  10 polar bears
  3 raiju (Lair:6)
  11 tyrant leeches
  16 hornets
  11 saltlings (Desolation)
  6 hippogriffs
  19 slime creatures
  5 dream sheep
  9 blink frogs
  12 bog bodies
  A meliai zombie (D:8)
  5 flying skulls (Gauntlet)
  2 shadows
  An air elemental (Elf:1)
  4 water elementals
  A redback (Lair:6)
  9 wyverns
  60 yaks
  4 hogs (D:7)
  5 wraiths
  A human (D:7)
  26 vampire mosquitoes
  2 basilisks
  A hungry ghost (D:12)
  9 wargs
  3 nagas (Lair:2)
  10 swamp worms
  4 acid dragons
  14 hell hounds (Lair:6)
  20 water moccasins
  5 porcupines
  A floating eye (shapeshifter) (D:14)
  2 hornet zombies
  8 swamp drakes
  26 orc warriors
  3 ice beasts
  13 black bears
  A necrophage (D:12)
  3 phantoms
  3 sky beasts
  A slave (D:4)
  A boggart (Elf:1)
  21 wolves
  10 ogres
  11 centaurs
  14 crocodiles
  7 big kobolds
  17 bullfrogs
  A gnoll sergeant (D:6)
  A wyvern zombie (D:9)
  An earth elemental (Elf:1)
  6 small abominations (Gauntlet)
  2 wyvern skeletons
  5 scorpions
  5 jellies
  14 killer bees
  21 wights
  6 howler monkeys
  4 electric eels
  6 crimson imps
  A bullfrog zombie (D:10)
  A quasit (D:8)
  7 hounds
  8 centaur skeletons
  20 orc priests
  3 bullfrog skeletons
  Jessica (D:3)
  5 iguanas
  27 orc wizards
  10 worker ants
  A killer bee zombie (D:8)
  A worker ant zombie (D:5)
  Robin (D:3)
  13 gnolls
  14 adders
  2 river rats (Sewer)
  A hound simulacrum (D:10)
  2 shadow imps
  3 oozes (Sewer)
  3 adder zombies
  10 worms
  6 dart slugs
  9 leopard geckos
  91 orcs
  8 bats
  8 giant cockroaches
  12 hobgoblins
  16 jackals
  8 kobolds
  5 quokkas
  6 ball pythons
  5 frilled lizards
  10 goblins
  A jackal skeleton (D:7)
  A jackal zombie (D:5)
  10 rats
  4 briar patches (Swamp:2)
1098 creatures vanquished.

Vanquished Creatures (others)
  A hydra (Swamp:4)
  A lindwurm (Swamp:4)
  A tengu conjurer (D:15)
  A spriggan (Swamp:4)
  An orc warrior (D:15)
  A boggart (Elf:1)
  An adder (D:4)
  An orc (Orc:2)
  3 jackals (D:4)
  A quokka skeleton (D:4)
  35 fungi
  37 plants
  8 toadstools (Swamp:2)
92 creatures vanquished.

Grand Total: 1190 creatures vanquished

Notes
Turn   | Place    | Note
-------+----------+-------------------------------------------
     0 | D:1      | Delamore the Gargoyle Fighter began the quest for the Orb.
     0 | D:1      | Reached XP level 1. HP: 14/14 MP: 1/1
    94 | D:1      | Reached XP level 2. HP: 16/19 MP: 2/2
   254 | D:1      | Reached XP level 3. HP: 23/23 MP: 3/3
   819 | D:2      | Reached XP level 4. HP: 24/29 MP: 4/4
  1313 | D:2      | Reached XP level 5. HP: 34/34 MP: 5/5
  1605 | D:3      | Noticed Jessica
  1613 | D:3      | Killed Jessica
  1729 | D:3      | Noticed Robin
  1771 | D:3      | Killed Robin
  1808 | D:3      | Reached skill level 5 in Fighting
  1808 | D:3      | Reached XP level 6. HP: 38/40 MP: 6/6
  1970 | D:3      | Reached skill level 5 in Maces & Flails
  2397 | D:4      | Noticed a slave
  2398 | D:4      | Noticed Pikel
  2398 | D:4      | Noticed a slave
  2398 | D:4      | Noticed a slave
  2398 | D:4      | Noticed a slave
  2430 | D:4      | Killed a slave
  2436 | D:4      | Killed Pikel
  2436 | D:4      | Reached XP level 7. HP: 22/47 MP: 7/7
  2709 | D:4      | Reached XP level 8. HP: 53/53 MP: 8/8
  3025 | D:4      | Found a sacrificial altar of Ru.
  3144 | D:4      | Found a white marble altar of Elyvilon.
  3203 | D:4      | Found a staircase to the Ecumenical Temple.
  3211 | Temple   | Entered the Ecumenical Temple
  3250 | Temple   | Became a worshipper of Warmaster Okawaru
  3367 | D:5      | Entered Level 5 of the Dungeon
  3793 | D:5      | Found a glowing drain.
  3812 | Sewer    | Entered a sewer
  4032 | Sewer    | Reached * piety under Okawaru
  4103 | Sewer    | Reached XP level 9. HP: 60/60 MP: 9/9
  4720 | D:5      | Found a glowing golden altar of the Shining One.
  4731 | D:5      | Found a shimmering blue altar of Sif Muna.
  5390 | D:6      | Reached skill level 10 in Fighting
  5484 | D:6      | Found a bloodstained altar of Trog.
  5495 | D:6      | Reached ** piety under Okawaru
  5697 | D:6      | Found a radiant altar of Vehumet.
  5700 | D:6      | Found a glowing golden altar of the Shining One.
  5703 | D:6      | Found a white marble altar of Elyvilon.
  6375 | D:7      | Found a shattered altar of Ashenzari.
  6377 | D:7      | Found Mejelaz's Antique Weapon Boutique.
  6539 | D:7      | Reached skill level 10 in Maces & Flails
  6556 | D:7      | Reached XP level 10. HP: 21/68 MP: 10/10
  6978 | D:7      | Found a sparkling altar of Nemelex Xobeh.
  6978 | D:7      | Found an opulent altar of Gozag.
  7037 | D:7      | Found a basalt altar of Yredelemnul.
  7210 | D:8      | Reached *** piety under Okawaru
  7214 | D:8      | Noticed a two-headed ogre
  7237 | D:8      | Killed a two-headed ogre
  7511 | D:8      | Reached **** piety under Okawaru
  7744 | D:8      | You fall into a shaft and drop 1 floor!
  7744 | D:9      | Found a staircase to the Lair.
  8208 | D:9      | Reached XP level 11. HP: 59/76 MP: 11/11
  8238 | D:9      | Reached ***** piety under Okawaru
  8272 | D:9      | Received a gift from Okawaru
  8580 | D:9      | Noticed a two-headed ogre
  8666 | D:10     | Entered Level 10 of the Dungeon
  8859 | D:9      | Killed a two-headed ogre
  9272 | D:9      | Noticed a two-headed ogre
  9285 | D:9      | Killed a two-headed ogre
  9411 | D:8      | Found a sacrificial altar of Ru.
  9555 | D:8      | Found a bloodstained altar of Trog.
  9555 | D:8      | Found a shadowy altar of Dithmenos.
  9654 | D:8      | Found a shimmering altar of Xom.
 10031 | D:9      | Found a snail-covered altar of Cheibriados.
 10215 | D:10     | Noticed a two-headed ogre
 10232 | D:10     | Killed a two-headed ogre
 10779 | D:10     | Found a staircase to the Orcish Mines.
 11322 | Lair:1   | Entered Level 1 of the Lair of Beasts
 11347 | Lair:1   | Got a masterwork chain mail
 11358 | Lair:1   | Identified the cursed +0 chain mail "Vibalab" {MR+} (You
                  | found it on level 1 of the Lair of Beasts)
 12449 | Lair:2   | Noticed a seven-headed hydra
 12460 | Lair:2   | Killed a seven-headed hydra
 12460 | Lair:2   | Reached XP level 12. HP: 55/85 MP: 12/12
 12644 | Lair:2   | Found a staircase to the Snake Pit.
 13804 | Lair:3   | You fall into a shaft and drop 3 floors!
 13804 | Lair:6   | Entered Level 6 of the Lair of Beasts
 13865 | Lair:5   | HP: 4/85 [wolf (4)]
 14212 | Lair:5   | Reached skill level 15 in Maces & Flails
 14361 | Lair:5   | Reached ****** piety under Okawaru
 14361 | Lair:5   | Received a gift from Okawaru
 15198 | Lair:3   | Found a staircase to the Swamp.
 15209 | Lair:3   | Found a transporter.
 15209 | Lair:3   | Found a transporter.
 15209 | Lair:3   | Noticed Fuxod's ghost (journeyman GnWn)
 15212 | Lair:3   | Identified the ring "Mukho Uxe" {rPois rN+ Str+2 Dex-5
                  | SInv}
 15839 | Lair:4   | Reached XP level 13. HP: 90/90 MP: 13/13
 16579 | Lair:5   | Reached skill level 5 in Armour
 16579 | Lair:5   | Reached skill level 5 in Shields
 17002 | Lair:5   | Found a runed translucent door.
 17003 | Lair:5   | Found a viscous altar of Jiyva.
 17412 | Lair:5   | Found a staircase to the Slime Pits.
 17412 | Lair:5   | Noticed an acid blob
 17531 | Lair:6   | Received a gift from Okawaru
 18840 | Lair:6   | Identified the +1 leather armour of Amaemoxa {SInv} (You
                  | found it on level 6 of the Lair of Beasts)
 19011 | Lair:6   | Gained mutation: Your large and strong wings let you fly
                  | indefinitely. [Gargoyle growth]
 19011 | Lair:6   | Reached XP level 14. HP: 92/96 MP: 14/14
 19189 | Lair:6   | Received a gift from Okawaru
 19440 | Lair:6   | Reached skill level 10 in Armour
 19440 | Lair:6   | Reached skill level 10 in Shields
 20732 | Lair:6   | Received a gift from Okawaru
 20744 | Lair:6   | Got a jewelled ring mail {god gift}
 20755 | Lair:6   | Identified the +5 ring mail of the Enchanted Forest {rF+++
                  | Regen+ Slay-4 Stlth-} (Okawaru gifted it to you on level 6
                  | of the Lair of Beasts)
 21657 | Orc:1    | Entered Level 1 of the Orcish Mines
 22252 | Orc:1    | Found a runed translucent door.
 22263 | Orc:1    | Found a shimmering altar of Xom.
 22263 | Orc:1    | Noticed Bute's ghost (adept FoFi)
 22732 | Orc:1    | Reached skill level 1 in Invocations
 22856 | Orc:2    | Entered Level 2 of the Orcish Mines
 22866 | Orc:2    | Noticed Urug
 23454 | Orc:1    | Killed Urug
 23983 | Orc:1    | Reached XP level 15. HP: 57/100 MP: 17/17
 24162 | Orc:1    | Received a gift from Okawaru
 24849 | Orc:2    | Found Poin Otomm's Armour Shoppe.
 24849 | Orc:2    | Found Jodei's Distillery.
 24929 | Orc:2    | Found Uxiok's Book Shoppe.
 24929 | Orc:2    | Found Usikol's Antique Weapon Shop.
 24937 | Orc:2    | Bought a potion of berserk rage for 60 gold pieces
 24937 | Orc:2    | Bought a potion of mutation for 96 gold pieces
 24939 | Orc:2    | Bought a transparent morningstar for 306 gold pieces
 24939 | Orc:2    | Identified the +6 morningstar "Ox" {holy, rC- Dex+10 SInv}
                  | (You bought it in a shop on level 2 of the Orcish Mines)
 24976 | Orc:2    | Noticed Maurice
 24986 | Orc:2    | Killed Maurice
 25252 | Orc:2    | Noticed an orc warlord
 25272 | Orc:2    | Killed an orc warlord
 25719 | Orc:2    | Found a staircase to the Elven Halls.
 25824 | Orc:2    | Bought a crystal flail for 289 gold pieces
 25824 | Orc:2    | Bought a brightly glowing mace for 272 gold pieces
 25824 | Orc:2    | Identified the cursed +1 mace of Ashenzari's Wrath {vorpal,
                  | rF+ rN++ Int-2 SInv} (You bought it in a shop on level 2 of
                  | the Orcish Mines)
 25826 | Orc:2    | Identified the +8 flail "Buerch" {vorpal, rElec rF+} (You
                  | bought it in a shop on level 2 of the Orcish Mines)
 25908 | D:11     | Found Soaxat's Assorted Antiques.
 25913 | D:11     | Bought a faintly glowing cloak for 294 gold pieces
 25923 | D:11     | Identified the +2 cloak "Rucashreir" {Harm rC+} (You bought
                  | it in a shop on level 11 of the Dungeon)
 26198 | D:11     | Found Feelureb's Jewellery Emporium.
 26223 | D:11     | Bought an uncursed ring of protection from cold for 350
                  | gold pieces
 26348 | D:11     | Found Amilint's Assorted Antiques.
 26498 | D:11     | Noticed Sonja
 26507 | D:11     | Killed Sonja
 26584 | D:11     | Found Koceutt's Antique Weapon Shoppe.
 27072 | D:12     | Found a gate leading to a gauntlet.
 27081 | Gauntlet | Entered a Gauntlet
 27081 | Gauntlet | Found a transporter.
 27212 | Gauntlet | Found a transporter.
 27229 | Gauntlet | Found a transporter.
 27237 | Gauntlet | Found a transporter.
 27261 | Gauntlet | Found a transporter.
 27275 | Gauntlet | Found a transporter.
 27316 | Gauntlet | Found a transporter.
 27337 | Gauntlet | Found a transporter.
 27352 | Gauntlet | Found a transporter.
 27357 | Gauntlet | Found a transporter.
 27368 | Gauntlet | Found a large runed translucent door.
 27369 | Gauntlet | Found a large runed translucent door.
 27370 | Gauntlet | Found a large runed translucent door.
 27370 | Gauntlet | Found a large runed translucent door.
 27371 | Gauntlet | Found a runed translucent gate.
 27372 | Gauntlet | Found a transporter.
 27372 | Gauntlet | Found a runed translucent gate.
 27373 | Gauntlet | Found a runed translucent gate.
 27374 | Gauntlet | Found a large runed translucent door.
 27374 | Gauntlet | Found a large runed translucent door.
 27375 | Gauntlet | Found a large runed translucent door.
 27376 | Gauntlet | Found a large runed translucent door.
 27384 | Gauntlet | Found a large runed translucent door.
 27384 | Gauntlet | Found a large runed translucent door.
 27384 | Gauntlet | Found a runed translucent door.
 27384 | Gauntlet | Found a runed translucent door.
 27385 | Gauntlet | Found a large runed translucent door.
 27386 | Gauntlet | Found a large runed translucent door.
 27388 | Gauntlet | Found a transporter.
 27390 | Gauntlet | Found a transporter.
 27422 | Gauntlet | Found a transporter.
 27454 | Gauntlet | Found a transporter.
 27501 | Gauntlet | Found a transporter.
 27519 | Gauntlet | Found a transporter.
 27535 | Gauntlet | Found a large runed translucent door.
 27536 | Gauntlet | Found a large runed translucent door.
 27537 | Gauntlet | Found a large runed translucent door.
 27537 | Gauntlet | Found a large runed translucent door.
 27541 | Gauntlet | Found a transporter.
 27661 | Gauntlet | Identified Sif Muna's Papyrus of Calling and Poisoning
 27741 | Gauntlet | Got a translucent lead amulet
 27748 | Gauntlet | Identified the amulet of Winypu Ciat {RegenMP rN+ MR- MP+9
                  | Dex+2} (You found it in a Gauntlet)
 27940 | D:12     | Noticed Nergalle
 27945 | D:12     | Killed Nergalle
 28023 | D:12     | Noticed Jorgrun
 28044 | D:12     | Killed Jorgrun
 28904 | D:12     | Reached skill level 15 in Shields
 29162 | D:12     | Noticed Nessos
 29180 | D:12     | Killed Nessos
 29649 | D:13     | Received a gift from Okawaru
 29652 | D:13     | Got an iridescent morningstar {god gift}
 29653 | D:13     | Identified the +3 morningstar "Tucufimn" {protect, rC+ MP-9
                  | Str+4 Int+3} (Okawaru gifted it to you on level 13 of the
                  | Dungeon)
 30443 | D:14     | Paralysed by a floating eye for 4 turns
 30496 | D:14     | Reached XP level 16. HP: 40/106 MP: 10/19
 30749 | D:14     | Identified the Catalogue of Cloudy Darkness
 31400 | D:13     | Reached skill level 1 in Dodging
 31410 | D:13     | Received a gift from Okawaru
 31481 | D:14     | Found a gate to the Vaults.
 31493 | D:14     | Found a radiant altar of Vehumet.
 31949 | D:15     | Entered Level 15 of the Dungeon
 32255 | D:15     | Found a staircase to the Depths.
 32358 | D:15     | Noticed Josephine
 32375 | D:15     | Killed Josephine
 33428 | Swamp:1  | Entered Level 1 of the Swamp
 34153 | Swamp:1  | Reached skill level 15 in Fighting
 34564 | Swamp:1  | Reached skill level 5 in Dodging
 34633 | Swamp:1  | Received a gift from Okawaru
 34791 | Swamp:1  | Found a large runed translucent door.
 34792 | Swamp:1  | Found a large runed translucent door.
 35163 | Swamp:1  | Noticed Ypsiuj's ghost (adept GnSk)
 35199 | Swamp:1  | Killed Ypsiuj's ghost
 35505 | Swamp:2  | Noticed a thorn hunter
 35546 | Swamp:1  | Killed a thorn hunter
 35546 | Swamp:1  | Reached skill level 5 in Invocations
 35546 | Swamp:1  | Reached skill level 1 in Evocations
 36245 | Swamp:2  | Noticed a thorn hunter
 36269 | Swamp:2  | Killed a thorn hunter
 36630 | Swamp:2  | Reached XP level 17. HP: 113/113 MP: 12/21
 37076 | Swamp:2  | Received a gift from Okawaru
 38522 | Swamp:3  | Reached skill level 5 in Evocations
 40634 | Swamp:4  | Entered Level 4 of the Swamp
 41131 | Swamp:3  | Received a gift from Okawaru
 41135 | Swamp:3  | Got an iridescent mace {god gift}
 41225 | Swamp:3  | Identified the +6 mace "Fiubbu Zufa" {vorpal, rN+ Stlth+}
                  | (Okawaru gifted it to you on level 3 of the Swamp)
 43081 | Swamp:4  | Received a gift from Okawaru
 43424 | Swamp:4  | Got a decaying rune of Zot
 44044 | Elf:1    | Entered Level 1 of the Elven Halls
 44076 | Elf:1    | Reached XP level 18. HP: 117/122 MP: 15/24
 44833 | Elf:1    | Received a gift from Okawaru
 45384 | Elf:1    | Got a dazzling hat
 45395 | Elf:1    | Identified the cursed +0 hat of Mutonted {Dex+6} (You found
                  | it on level 1 of the Elven Halls)
 45793 | Elf:2    | Found an opulent altar of Gozag.
 45800 | Elf:2    | Found a runed translucent gate.
 45829 | Elf:2    | Found a runed translucent gate.
 45830 | Elf:2    | Found a runed translucent gate.
 45832 | Elf:2    | Noticed Hiliwumm's ghost (veteran MiGl)
 45911 | Elf:2    | Found a white marble altar of Elyvilon.
 45911 | Elf:2    | Found a glowing silver altar of Zin.
 45911 | Elf:2    | Found a ruined gateway.
 45926 | Elf:2    | Found a glowing golden altar of the Shining One.
 46075 | Desolati | Entered the Desolation of Salt
 46114 | Desolati | HP: 7/186 [ragged hierophant/a resonance strike (15)]
 46115 | Desolati | HP: 3/186 [ragged hierophant/+0 short sword (4)]
 46121 | Desolati | HP: 6/124 [saltling (9)]
 46126 | Desolati | Found the +9 heavy crossbow "Sniper" {vorpal, Acc+∞ SInv}
 46142 | Desolati | HP: 1/124 [ragged hierophant/a resonance strike (16)]
 46157 | Desolati | HP: 5/124 [ragged hierophant/a resonance strike (14)]
 46196 | Desolati | Killed from afar by a ragged hierophant

Illustrated notes

Levels and vault maps discovered:
D:1:      co_arrival_square_in_a_square_in_a_square, layout_basic
D:2:      layout_basic
D:3:      minmay_angry_zag, layout_loops_ring, first_ration, serial_glass,
          glass_columns_a, glass_columns_a, glass_columns_b, glass_columns_a,
          glass_columns_a, glass_columns_b, glass_columns_b, glass_columns_a,
          glass_columns_a, glass_columns_b, glass_columns_a, glass_columns_a,
          glass_columns_b, glass_columns_c, uniq_robin, uniq_jessica
D:4:      layout_basic, lemuel_round_altar, minmay_temple_entry_glass,
          elyvilon_altar_3, uniq_pikel
D:5:      layout_basic, nicolae_overflow_hidden_temple, basic_altar,
          cheibrodos_sewer_entry_drain
D:6:      layout_loops_ring, grunt_temple_overflow_diamond, basic_altar,
          minmay_misc_feat_doors
D:7:      layout_cave_pools, grunt_temple_overflow_opulence, old_standard_altar,
          overflow_temple_1_default, serial_shops, nicolae_shop_crystal,
          grunt_livestock
D:8:      layout_cave_pools, kennysheep_mini_moat,
          gammafunk_temple_overflow_wave, nicolae_ru_the_path_less_chosen
D:9:      layout_loops_ring, kennysheep_little_box, lair_entry_dummy,
          serial_rivers, chequers_serial_rivers_micro_e,
          chequers_serial_rivers_large_a, chequers_serial_rivers_micro_e,
          chequers_serial_rivers_micro_c, chequers_serial_rivers_small_a,
          chequers_serial_rivers_large_b, grunt_decor_one_mirror
D:10:     layout_gridville, orc_0_dummy, hangedman_weighted_door
D:11:     layout_irregular_city, serial_shops,
          nicolae_shop_temple_entry_statues_fountains, shop_fountains,
          shop_statue, nicolae_shop_waterfront, uniq_sonja
D:12:     layout_stronghold, gauntlet_entry_generic, uniq_jorgrun,
          uniq_nergalle, uniq_nessos
D:13:     layout_basic
D:14:     layout_gridville, skrybe_vaults_entry_preservation,
          infiniplex_staircase_zigzag_4, basic_altar, serial_park_tiny_1,
          drop_trap, nicolae_water_bricks, minmay_variable_closet
D:15:     grunt_enter_depths_snipers, layout_basic, minmay_misc_feat_chi,
          uniq_josephine
Temple:   corrupted_temple
Lair:1:   layout_loops_ring
Lair:2:   layout_misc_corridors, guppyfry_snake_entry_garden
Lair:3:   layout_cave_shapes, swamp_mist_pool, gammafunk_ghost_hive
Lair:4:   layout_cave_shapes, grunt_megastairs_2
Lair:5:   layout_gridlike, slime_altar_2, hangedman_lair_generics_rect
Lair:6:   hangedman_lair_caniforms_friends, layout_regular_city,
          hangedman_lair_tendril_chambers, enter_volcano_2, serial_bayou_shore_b
Swamp:1:  layout_falls_marsh, ebering_ghost_disaster_area, hangedman_swamp_cone,
          swamp_pool2, infiniplex_staircase_pool
Swamp:2:  cheibrodos_swamp_tower_of_moss, layout_falls_marsh,
          evilmike_swamp_ruin_house_5, swamp_pool1
Swamp:3:  layout_falls_marsh, evilmike_swamp_ruin_rubble_2
Swamp:4:  swamp_alternative, layout_basic_swamp
Orc:1:    layout_diamond_mine, ebering_ghost_xom, nooodl_orcs_dogs
Orc:2:    grunt_orc_tribal_feast, layout_caves, minmay_orc_barracks, uniq_urug,
          uniq_maurice
Elf:1:    layout_rooms, hangedman_elf_disciples
Elf:2:    layout_gridlike, serial_shops, nicolae_shop_crystal,
          ebering_ghost_gozag, portal_desolation_entry_holy_temple
Desolation

Skill      XL: |  1  2  3  4  5  6  7  8  9 10 11 12 13 14 15 16 17 18 |
---------------+-------------------------------------------------------+-----
Maces & Flails | 3 4 6 8 10 11 13 16 17 | 17.5
Fighting       | 4 5 6 7 8 10 12 14 15 16 17 | 17.3
Armour         | 9 11 | 11.7
Shields        | 9 12 16 | 16.6
Invocations    | 3 4 6 8 |  8.8
Dodging        | 5 |  5.3
Evocations     | 3 5 |  5.9

Action                   |  1- 3 |  4- 6 |  7- 9 | 10-12 | 13-15 | 16-18 || total
-------------------------+-------+-------+-------+-------+-------+-------++-------
Melee: Flail             |    45 |       |       |       |    35 |       ||    80
       Whip              |    39 |   285 |   731 |   898 |       |       ||  1953
       Morningstar       |       |       |       |   185 |  1753 |  1899 ||  3837
       Eveningstar       |       |       |       |       |       |    36 ||    36
Throw: Dart              |       |       |     2 |     9 |     5 |       ||    16
       Javelin           |       |       |       |     6 |     9 |       ||    15
Invok: Heroism           |       |       |       |     2 |     2 |       ||     4
       Finesse           |       |       |       |       |     2 |     2 ||     4
 Abil: Stop Flying       |       |       |       |     1 |       |     1 ||     2
       Fly               |       |       |       |       |       |     1 ||     1
  Use: Scroll            |       |       |    13 |     9 |    12 |    13 ||    47
       Potion            |       |       |       |     5 |     4 |    21 ||    30
 Stab: Distracted        |       |       |       |       |       |     1 ||     1
  Eat: Chunk             |       |     5 |    15 |    23 |    45 |    26 ||   114
       Ration            |       |       |       |     2 |     1 |     9 ||    12
Armor: Scale mail        |    40 |   159 |    44 |   194 |       |       ||   437
       Chain mail        |       |       |   300 |   274 |   896 |  1197 ||  2667
       Skin              |       |       |       |     5 |       |       ||     5
Dodge: Dodged            |    27 |    89 |   120 |   280 |   872 |   695 ||  2083
Block: Kite shield       |    35 |   142 |   163 |       |   253 |  1395 ||  1988
       Buckler           |       |       |    26 |   118 |   457 |       ||   601
